 Dungeon Crawl Stone Soup version 0.23.2 (webtiles) character file.

Game seed: 13572144709785735695

27956 Marnok the Carver (level 13, -1/90 HPs)
             Began as a Demonspawn Fighter on Apr 12, 2019.
             Was the Champion of Okawaru.
             Slain by Agnes
             ... wielding a +2 vampiric lajatang
              (19 damage)
             ... on level 14 of the Dungeon.
             The game lasted 00:47:30 (12317 turns).

Marnok the Carver (Demonspawn Fighter)             Turns: 12317, Time: 00:47:30

Health: -1/90      AC: 15    Str: 30    XL:     13   Next: 7%
Magic:  14/14      EV: 16    Int:  9    God:    Okawaru [******]
Gold:   921        SH: 13    Dex: 16    Spells: 12/12 levels left

rFire    + . .     SeeInvis .   g - +5 falchion (protect)
rCold    . . .     Gourm    .   N - +0 shield
rNeg     . . .     Faith    .   e - +3 troll leather armour {Purgy}
rPois    +         Spirit   .   c - +2 helmet
rElec    .         Reflect  .   (no cloak)
rCorr    .         Harm     .   C - +0 pair of gloves
MR       +....                  (no boots)
Stlth    +++.......             z - amulet of regeneration
HPRegen  1.45/turn              P - ring of protection from magic
MPRegen  0.14/turn              H - ring of Wigg {rPois Str+6}

@: mighty, about to teleport, very slightly contaminated
A: talons 1, yellow scales 2, demonic guardian 1, fire resistance 1, frail 1,
regeneration 1, flame cloud immunity
a: Heroism, Finesse, Renounce Religion


You were on level 14 of the Dungeon.
You worshipped Okawaru.
Okawaru was exalted by your worship.
You were hungry.

You visited 2 branches of the dungeon, and saw 15 of its levels.
You also visited: Sewer.

You collected 921 gold pieces.

Inventory:

Hand Weapons
 g - a +5 falchion of protection (weapon)
 X - a +2 vampiric halberd
Armour
 c - a +2 helmet (worn)
 e - a +3 troll leather armour (worn) {Purgy}
 C - a +0 pair of gloves (worn)
 N - a +0 shield (worn)
Jewellery
 i - an uncursed amulet of the acrobat
 l - an uncursed ring of protection from cold
 y - an uncursed ring of protection from cold
 z - an amulet of regeneration (around neck)
 F - an uncursed ring of wizardry
 H - the ring of Wigg (right hand) {rPois Str+6}
   (You found it on level 7 of the Dungeon)

   [ring of poison resistance]

   It affects your strength (+6).
   It protects you from poison.
 L - an uncursed amulet of harm
 P - a ring of protection from magic (left hand)
 Q - a cursed amulet of inaccuracy {unknown}
Wands
 a - a wand of disintegration (14)
 q - a wand of digging (6)
 s - a wand of flame (7)
 E - a wand of clouds (3)
 I - a wand of random effects (22)
 V - a wand of scattershot (3)
 Z - a wand of polymorph (7)
Scrolls
 h - 7 scrolls of remove curse
 j - 5 scrolls of amnesia
 k - a scroll of vulnerability {unknown}
 n - a scroll of identify
 B - 2 scrolls of magic mapping
 G - 3 scrolls of fear
 Y - a scroll of brand weapon {unknown}
Potions
 d - a potion of flight
 m - a potion of cancellation
 p - 4 potions of agility
 r - a potion of brilliance
 x - 6 potions of curing
 A - 2 potions of invisibility
 O - 2 potions of haste
 U - 2 potions of resistance
 W - a potion of heal wounds
Miscellaneous
 b - a lightning rod (4/4)
 S - a crystal ball of energy
Comestibles
 f - 19 rations
 o - 5 chunks of flesh


   Skills:
 + Level 9.5 Fighting
 + Level 11.3 Long Blades
 + Level 3.7 Polearms
 + Level 6.3 Armour
 + Level 7.9 Dodging
 + Level 4.2 Stealth
 + Level 10.5 Shields
 + Level 1.3 Invocations


You had 12 spell levels left.
You didn't know any spells.
Your spell library was empty.

Dungeon Overview and Level Annotations

Branches:
Dungeon (14/15)            Temple (1/1) D:5            Lair (0/6) D:11
    Orc (0/2) D:12         Vaults (0/5) D:14

Altars:
Ashenzari
Cheibriados
Dithmenos
Elyvilon
Fedhas
Gozag
Hepliaklqana
Kikubaaqudgha
Makhleb
Nemelex Xobeh
Okawaru
Qazlal
Ru
Sif Muna
Uskayaw
Vehumet
Wu Jian
Xom
Yredelemnul
Zin
The Shining One

Shops:
D:7 *

Annotations:
D:14 Agnes


Innate Abilities, Weirdness & Mutations

You have sharp toenails.
You are mostly covered in yellow scales. (AC +3)
A weak demonic guardian rushes to your aid.
Your flesh is heat resistant. (rF+)
You are immune to clouds of flame.
You are frail. (-10% HP)
Your natural rate of healing is unusually fast.


Message History

Blink to where?
Press: ? - help, Dir - move target cursor You are very lightly contaminated with residual magic.
As you read the scroll of blinking, it crumbles to dust.
Found 16 gold pieces.
Something unseen opens the door.
You see here 16 gold pieces.
Your quasit misses Agnes. x2; Your quasit claws Agnes.
Your ufetubus misses Agnes.
Your ufetubus hits Agnes but does no damage.
Your ufetubus barely misses Agnes.
Your ufetubus misses Agnes. Agnes barely misses you.
Your ufetubus hits Agnes. Your ufetubus misses Agnes.
Blink to where?
Press: ? - help, Dir - move target cursor
As you read the scroll of blinking, it crumbles to dust.
Found a stone staircase leading down.
As you read the scroll of teleportation, it crumbles to dust.
You feel strangely unstable.
Agnes hits you with a +2 vampiric lajatang!!
You die...

.......#....(........O..$.#
.......#...#####..........#
#......#...# #..........#
##.....###.# #....#######
#...... #.+ #....#
........#.# #55..# #.+
#....#### ..# #i.......
#@....... ...............
...............
..........>....
...............
....########... .... ...
... ..


You could see Agnes, a friendly quasit and a friendly ufetubus.

Vanquished Creatures
  5 centaur warriors
  3 vault guards (D:14)
  7 two-headed ogres
  2 unseen horrors
  A deep elf mage (D:14)
  3 ugly things
  2 manticores
  A cyclops (D:14)
  A gargoyle (D:11)
  A komodo dragon (D:13)
  An efreet (D:13)
  3 meliai (D:13)
  6 trolls
  5 hippogriffs
  An air elemental (D:13)
  A centaur simulacrum (D:14)
  A water elemental (D:13)
  4 yaks
  A wraith (D:14)
  A fire elemental (D:13)
  A hungry ghost (D:8)
  3 vampire mosquitoes (D:13)
  A soldier ant (D:10)
  A water moccasin (D:7)
  A porcupine (D:11)
  Purgy (Sewer)
  11 orc warriors
  3 sky beasts
  A black bear (D:11)
  2 ice beasts (D:13)
  3 phantoms
  2 eyes of draining
  7 centaurs
  14 ogres
  2 crocodiles (D:10)
  7 big kobolds
  6 bullfrogs
  A wyvern zombie (D:13)
  A gnoll sergeant (D:12)
  An earth elemental (D:13)
  A wyvern skeleton (D:13)
  5 scorpions
  7 killer bees
  4 wights (D:6)
  4 howler monkeys
  An electric eel (D:12)
  A bullfrog zombie (D:12)
  6 crimson imps
  4 centaur zombies
  2 quasits
  4 centaur skeletons
  6 orc priests
  9 hounds
  3 jellies
  A bullfrog skeleton (D:5)
  16 orc wizards
  An iguana (D:12)
  8 worker ants
  2 hound skeletons
  2 worker ant zombies
  12 gnolls
  A river rat (D:6)
  10 adders
  A shadow imp (D:9)
  2 oozes
  An adder zombie (D:5)
  3 dart slugs
  7 worms
  4 leopard geckos
  48 orcs
  11 giant cockroaches
  8 goblins
  11 hobgoblins
  9 jackals
  5 quokkas
  A ball python (D:2)
  11 bats
  7 frilled lizards
  55 kobolds
  A quokka skeleton (D:8)
  9 rats
423 creatures vanquished.

Vanquished Creatures (others)
  A sky beast (D:6)
1 creature vanquished.

Grand Total: 424 creatures vanquished

Notes
Turn   | Place    | Note
-------+----------+-------------------------------------------
     0 | D:1      | Marnok the Demonspawn Fighter began the quest for the Orb.
     0 | D:1      | Reached XP level 1. HP: 18/18 MP: 1/1
   192 | D:1      | Gained mutation: Your flesh is heat resistant. (rF+)
                  | [demonic ancestry]
   192 | D:1      | Reached XP level 2. HP: 20/24 MP: 2/2
   778 | D:1      | Reached XP level 3. HP: 29/29 MP: 3/3
   992 | D:2      | Gained mutation: You are frail. (-10% HP) [potion of
                  | mutation]
   992 | D:2      | Gained mutation: Your natural rate of healing is unusually
                  | fast. [potion of mutation]
  1040 | D:2      | Found a white marble altar of Elyvilon.
  1050 | D:2      | Found a hide-covered altar of Uskayaw.
  1474 | D:2      | Reached XP level 4. HP: 31/31 MP: 4/4
  1831 | D:3      | Noticed a hippogriff
  1849 | D:3      | Killed a hippogriff
  1849 | D:3      | Reached skill level 1 in Dodging
  1849 | D:3      | Reached XP level 5. HP: 3/37 MP: 5/5
  1862 | D:3      | Gained mutation: You are immune to clouds of flame.
                  | [demonic ancestry]
  1862 | D:3      | Reached XP level 6. HP: 43/43 MP: 6/6
  2085 | D:3      | Found a faded altar of an unknown god.
  2514 | D:3      | Reached skill level 1 in Long Blades
  2520 | D:3      | Reached XP level 7. HP: 47/48 MP: 7/7
  2690 | D:3      | Reached skill level 2 in Long Blades
  3258 | D:4      | Reached skill level 3 in Long Blades
  3776 | D:4      | Found a glowing silver altar of Zin.
  4244 | D:5      | Entered Level 5 of the Dungeon
  4251 | D:5      | Gained mutation: You have sharp toenails. [demonic
                  | ancestry]
  4251 | D:5      | Reached XP level 8. HP: 50/54 MP: 8/8
  4429 | D:5      | Found a staircase to the Ecumenical Temple.
  4704 | Temple   | Entered the Ecumenical Temple
  4973 | Temple   | Became a worshipper of Warmaster Okawaru
  5080 | D:6      | Reached skill level 4 in Long Blades
  5111 | D:6      | Reached skill level 5 in Fighting
  5136 | D:6      | Found a glowing drain.
  5143 | Sewer    | Entered a sewer
  5175 | Sewer    | Noticed Purgy
  5188 | Sewer    | Killed Purgy
  5188 | Sewer    | Reached skill level 5 in Armour
  5188 | Sewer    | Reached skill level 5 in Shields
  5342 | D:6      | Reached skill level 1 in Stealth
  5377 | D:6      | Reached * piety under Okawaru
  5413 | D:6      | Found an ancient bone altar of Kikubaaqudgha.
  5491 | D:6      | Reached skill level 5 in Long Blades
  6009 | D:6      | Found an ornate altar of the Wu Jian Council.
  6129 | D:7      | Reached XP level 9. HP: 61/61 MP: 9/9
  6295 | D:7      | Found Uguuca's Serpentskin Sales.
  6320 | D:7      | Got a scorched tin ring
  6322 | D:7      | Identified the ring of Wigg {rPois Str+6} (You found it on
                  | level 7 of the Dungeon)
  6446 | D:7      | Reached ** piety under Okawaru
  6509 | D:7      | You fall through a shaft for 3 floors!
  6509 | D:10     | Entered Level 10 of the Dungeon
  6585 | D:8      | Reached skill level 6 in Long Blades
  6667 | D:8      | Noticed a two-headed ogre
  6674 | D:8      | HP: 2/62 [two-headed ogre/+0 giant club (29)]
  6860 | D:8      | Found a deep blue altar of Sif Muna.
  6983 | D:8      | Found a snail-covered altar of Cheibriados.
  7108 | D:8      | Killed a two-headed ogre
  7108 | D:8      | Reached skill level 7 in Long Blades
  7324 | D:9      | Found a sacrificial altar of Ru.
  7339 | D:9      | Reached *** piety under Okawaru
  7378 | D:9      | Reached XP level 10. HP: 69/69 MP: 10/10
  7740 | D:9      | Found a faded altar of an unknown god.
  7740 | D:9      | Found an opulent altar of Gozag.
  7846 | D:9      | Found a hazy altar of Hepliaklqana.
  7848 | D:9      | Found a faded altar of an unknown god.
  7849 | D:9      | Found a shimmering altar of Xom.
  7909 | D:9      | Found a stormy altar of Qazlal.
  8348 | D:10     | Killed an unseen horror
  8471 | D:10     | Noticed a two-headed ogre
  8521 | D:10     | Killed a two-headed ogre
  8521 | D:10     | Reached **** piety under Okawaru
  8521 | D:10     | Reached skill level 8 in Long Blades
  8642 | D:10     | Reached skill level 5 in Dodging
  8886 | D:11     | Reached ***** piety under Okawaru
  9180 | D:11     | Gained mutation: You are partially covered in yellow
                  | scales. (AC +2) [demonic ancestry]
  9180 | D:11     | Reached XP level 11. HP: 58/75 MP: 11/11
  9248 | D:11     | Noticed a two-headed ogre
  9290 | D:11     | Killed a two-headed ogre
  9290 | D:11     | Received a gift from Okawaru
  9521 | D:11     | Reached skill level 9 in Long Blades
  9569 | D:11     | Found a staircase to the Lair.
  9660 | D:12     | Noticed a two-headed ogre
  9661 | D:12     | Noticed a white ugly thing
  9679 | D:12     | Killed a white ugly thing
  9726 | D:11     | Killed a two-headed ogre
  9912 | D:12     | Noticed a green ugly thing
  9930 | D:12     | Noticed a two-headed ogre
  9932 | D:12     | Killed a green ugly thing
  9966 | D:12     | Killed a two-headed ogre
  9966 | D:12     | Received a gift from Okawaru
 10568 | D:12     | Found a staircase to the Orcish Mines.
 10697 | D:13     | Noticed a centaur warrior
 10736 | D:13     | Killed a centaur warrior
 10736 | D:13     | Reached skill level 10 in Long Blades
 10757 | D:13     | Noticed a two-headed ogre
 10781 | D:13     | Killed a two-headed ogre
 10781 | D:13     | Gained mutation: A weak demonic guardian rushes to your
                  | aid. [demonic ancestry]
 10781 | D:13     | Reached XP level 12. HP: 57/84 MP: 12/12
 10903 | D:13     | Noticed a centaur warrior
 10918 | D:13     | Killed a centaur warrior
 11173 | D:13     | Received a gift from Okawaru
 11226 | D:13     | Noticed a centaur warrior
 11249 | D:13     | Found a large runed translucent door.
 11249 | D:13     | Found a large runed translucent door.
 11459 | D:13     | Killed a centaur warrior
 11579 | D:13     | Reached skill level 1 in Invocations
 11724 | D:13     | Reached skill level 10 in Shields
 11951 | D:14     | Noticed a two-headed ogre
 11956 | D:14     | Killed a two-headed ogre
 11956 | D:14     | Reached skill level 11 in Long Blades
 12092 | D:14     | Reached ****** piety under Okawaru
 12198 | D:14     | Found a gate to the Vaults.
 12198 | D:14     | Noticed a vault guard
 12198 | D:14     | Noticed a vault guard
 12198 | D:14     | Noticed a vault guard
 12198 | D:14     | Noticed a centaur warrior
 12198 | D:14     | Noticed a centaur warrior
 12198 | D:14     | Noticed a vault guard
 12199 | D:14     | Noticed a death knight
 12224 | D:14     | Killed a vault guard
 12229 | D:14     | Killed a centaur warrior
 12247 | D:14     | Killed a vault guard
 12249 | D:14     | Received a gift from Okawaru
 12259 | D:14     | Killed a vault guard
 12264 | D:14     | Killed a centaur warrior
 12264 | D:14     | Gained mutation: You are mostly covered in yellow scales.
                  | (AC +3) [demonic ancestry]
 12264 | D:14     | Reached XP level 13. HP: 50/90 MP: 13/13
 12300 | D:14     | Noticed Agnes
 12307 | D:14     | HP: 3/90 [death knight/+0 glaive (22)]
 12317 | D:14     | Slain by Agnes

Skill      XL: |  1  2  3  4  5  6  7  8  9 10 11 12 |
---------------+-------------------------------------+-----
Armour         | 3 4 5 6 |  6.3
Polearms       | 2 3 |  3.7
Shields        | 3 4 5 6 8 9 10 | 10.5
Dodging        | 1 2 3 4 5 6 7 |  7.9
Fighting       | 4 5 6 7 8 9 |  9.5
Long Blades    | 1 3 5 7 8 10 11 | 11.3
Stealth        | 1 2 3 4 |  4.2
Invocations    | 1 |  1.3

Action                   |  1- 3 |  4- 6 |  7- 9 | 10-12 | 13-15 || total
-------------------------+-------+-------+-------+-------+-------++-------
Melee: Trident           |   174 |   131 |       |       |       ||   305
       Falchion          |       |    47 |   458 |   910 |    17 ||  1432
       Kick              |       |       |   115 |   438 |     9 ||   562
Invok: Heroism           |       |       |       |     3 |     1 ||     4
  Use: Scroll            |     1 |     6 |     4 |     9 |     3 ||    23
       Potion            |     6 |     3 |       |     9 |       ||    18
 Stab: Invisible         |       |     1 |       |       |       ||     1
       Sleeping          |       |       |       |     5 |       ||     5
       Distracted        |       |       |       |     2 |       ||     2
  Eat: Chunk             |     2 |     4 |    13 |    10 |       ||    29
       Ration            |       |       |     2 |     2 |       ||     4
Armor: Scale mail        |   116 |    94 |   112 |       |       ||   322
       Skin              |     8 |       |       |       |       ||     8
       Troll leather arm |       |       |    59 |   254 |     4 ||   317
Dodge: Dodged            |    68 |    57 |   216 |   372 |     6 ||   719
Block: Shield            |   134 |    73 |   289 |   508 |    12 ||  1016
       Rpst.: Falchion   |       |     7 |    69 |    91 |     1 ||   168
